 Dungeon Crawl Stone Soup version 0.30.0-29-ga12c61a403 (webtiles) character file.

Game seed: 16439185096590681022

290 cdecastro the Trooper (level 6, 0/58 HPs)
             Began as a Hill Orc Fighter on June 22, 2023.
             Was a Believer of Fedhas.
             Slain by an orc warrior
             ... wielding a +0 long sword
              (7 damage)
             ... on level 4 of the Dungeon.
             The game lasted 00:04:24 (1590 turns).

cdecastro the Trooper (Hill Orc Fighter)            Turns: 1590, Time: 00:04:25

Health: 0/58       AC:  8    Str: 21    XL:     6   Next: 32%
Magic:  6/6        EV:  9    Int:  8    God:    Fedhas [**....]
Gold:   163        SH:  4    Dex: 10    Spells: 5/5 levels left

rFire   . . .        a - +0 war axe
rCold   . . .        c - +0 buckler
rNeg    . . .        b - +0 scale mail
rPois   .            (no helmet)
rElec   .            (no cloak)
rCorr   .            (no gloves)
SInv    .            l - +0 pair of boots
Will    .....        (no amulet) Stlth
                     (no ring)
HPRegen 0.29/turn    (no ring)
MPRegen 0.10/turn

%: no passive effects
@: mighty, studying Ranged Weapons
A: no striking features
a: Renounce Religion, Wall of Briars


You were on level 4 of the Dungeon.
You worshipped Fedhas.
Fedhas was pleased with you.
You visited 1 branch of the dungeon, and saw 4 of its levels.

You collected 163 gold pieces.

Inventory:

Hand Weapons
 a - a +0 war axe (weapon)
Missiles
 k - 4 poisoned darts (quivered)
 m - a throwing net
 r - 2 boomerangs
Armour
 b - a +0 scale mail (worn)
 c - a +0 buckler (worn)
 l - a +0 pair of boots (worn)
 s - a +0 plate armour
Wands
 q - a wand of digging (6)
 t - a wand of mindburst (16)
Scrolls
 e - 2 scrolls of blinking {unknown}
 f - 4 scrolls of teleportation {unknown}
 g - 3 scrolls of identify {unknown}
 n - a scroll of noise {unknown}
 v - a scroll of torment {unknown}
Potions
 h - a potion of brilliance {unknown}
 i - a potion of berserk rage {unknown}
 j - a potion of flight {unknown}
 o - a potion of heal wounds {unknown}
 p - a potion of degeneration {unknown}
 u - a potion of ambrosia {unknown}


   Skills:
 + Level 6.3 Fighting
 + Level 6.3 Axes
 - Level 3.2 Armour
 - Level 3.2 Shields


You had 5 spell levels left.
You didn't know any spells.
Your spell library contained the following spells:

 Spells                   Type           Power      Damage    Failure   Level
 Ensorcelled Hibernation  Hex/Ice        0%         N/A       91%         2
 Passwall                 Tmut/Erth      0%         N/A       91%         2
 Swiftness                Air            0%         N/A       99%         3


Dungeon Overview and Level Annotations

Branches:
Dungeon (3/15)

Altars:
Fedhas
The Shining One


Message History

a +0 trident; a +0 leather armour You hit the orc warrior.
The orc warrior is lightly wounded.
The orc warrior hits you with a +0 long sword!
You completely miss the orc warrior.
The orc warrior is lightly wounded.
The orc wizard casts a spell.
The orc wizard flickers and vanishes!
Deactivating autopickup; reactivate with Ctrl-A.
The orc warrior hits you with a +0 long sword!
* * * LOW HITPOINT WARNING * * *
You feel very mighty all of a sudden. The orc warrior barely misses you.
Unknown command.
You slash the orc warrior!
The orc warrior is heavily wounded.
The orc warrior hits you with a +0 long sword.
* * * LOW HITPOINT WARNING * * *
Unknown command.
You hit the orc warrior.
The orc warrior is severely wounded.
The orc warrior hits you with a +0 long sword!
* * * LOW HITPOINT WARNING * * *
The orc warrior hits you with a +0 long sword.
* * * LOW HITPOINT WARNING * * *
Unknown command.
You completely miss the orc warrior.
The orc warrior is severely wounded.
The orc warrior hits you with a +0 long sword!
* * * LOW HITPOINT WARNING * * *
Unknown command.
You barely miss the orc warrior.
The orc warrior is severely wounded.
The orc warrior misses you.
Unknown command.
You hit the orc warrior.
The orc warrior is almost dead.
The orc warrior hits you with a +0 long sword!
You die...
Fedhas appreciates your contribution to the ecosystem.

######### ####
#.......# #..
..#####.# #.# #
#.####.#####.#####
#.........@o{.....
#.##...).###.#####
#.###...## # ..#
##.## #### #...
#.### #+#


You could see an orc warrior.

Vanquished Creatures
  Sigmund (D:2)
  Jessica (D:2)
  Ijyb (D:3)
  An adder (D:2)
  A worm (D:3)
  A dart slug (D:1)
  7 orcs
  4 endoplasms (D:1)
  A giant cockroach (D:1)
  4 goblins (D:2)
  6 hobgoblins
  4 jackals (D:1)
  5 kobolds
  6 quokkas
  8 ball pythons
  3 bats
  3 frilled lizards (D:1)
  10 rats
67 creatures vanquished.

Notes
Turn   | Place    | Note
-------+----------+-------------------------------------------
     0 | D:1      | cdecastro the Hill Orc Fighter began the quest for the Orb.
     0 | D:1      | Reached XP level 1. HP: 19/19 MP: 1/1
   170 | D:1      | Reached XP level 2. HP: 27/27 MP: 2/2
   272 | D:1      | Reached XP level 3. HP: 34/34 MP: 3/3
   559 | D:2      | Found a faded altar of an unknown god.
   721 | D:2      | Noticed Sigmund
   723 | D:2      | Noticed Jessica
   731 | D:2      | Killed Sigmund
   732 | D:2      | Reached skill level 5 in Fighting
   732 | D:2      | Reached skill level 5 in Axes
   732 | D:2      | Reached XP level 4. HP: 36/44 MP: 4/4
   732 | D:2      | Reached XP level 5. HP: 41/50 MP: 5/5
   737 | D:2      | Killed Jessica
   738 | D:2      | Reached XP level 6. HP: 38/57 MP: 6/6
  1123 | D:2      | Prayed at the altar of an unknown god.
  1123 | D:2      | Became a worshipper of Fedhas Madash
  1123 | D:2      | Reached * piety under Fedhas
  1224 | D:3      | Noticed Ijyb
  1235 | D:3      | Killed Ijyb
  1442 | D:3      | Reached ** piety under Fedhas
  1566 | D:3      | Found a glowing golden altar of the Shining One.
  1567 | D:3      | You fall into a shaft and drop 1 floor!
  1578 | D:4      | Noticed an orc warrior
  1590 | D:4      | Slain by an orc warrior

Illustrated notes

Levels and vault maps discovered:
D:1:      minmay_arrival_plants_in_alcoves, layout_rooms
D:2:      layout_rooms, shapermc_ecumenical_altar_gd, serial_glass,
          glass_columns_a, glass_columns_b, uniq_jessica, uniq_sigmund
D:3:      layout_loops_ring, minitemple, uniq_ijyb
D:4:      layout_loops_corners, grunt_ministairs_11, nrook_campfire

Skill      XL: |  1  2  3  4  5  6 |
---------------+-------------------+-----
Axes           | 3 5 6 |  6.3
Fighting       | 4 5 6 |  6.3
Armour         | |  3.2
Shields        | |  3.2

Action                     |  1- 3 |  4- 6 || total
---------------------------+-------+-------++-------
  Melee: War axe           |    80 |    79 ||   159
    Use: Potion            |       |     1 ||     1
 Armour: Scale mail        |    49 |    22 ||    71
  Dodge: Dodged            |    54 |    26 ||    80
  Block: Buckler           |    26 |    16 ||    42
